 Dungeon Crawl Stone Soup version 0.29.1-1-gd02db6906a (webtiles) character file.

Game seed: 14035226473933080798

42 Ashen the Chiller (level 3, -1/26 HPs)
             Began as a Demonspawn Ice Elementalist on Sept 24, 2022.
             Slain by a goblin
             ... wielding a +0 club
             ... led by Robin
              (2 damage)
             ... on level 1 of the Dungeon.
             The game lasted 00:02:18 (1200 turns).

Ashen the Chiller (Demonspawn Ice Elementalist)     Turns: 1200, Time: 00:02:20

Health: -1/26      AC:  4    Str:  8    XL:     3   Next: 35%
Magic:  0/6        EV: 12    Int: 18    God:
Gold:   60         SH:  0    Dex: 13    Spells: 5/6 levels left

rFire   . . .      SeeInvis .   f - +0 short sword
rCold   . . .      Faith    .   (no shield)
rNeg    . . .      Spirit   .   a - +0 robe
rPois   .          Reflect  .   (no helmet)
rElec   .          Harm     .   (no cloak)
rCorr   .          Rampage  .   (no gloves)
Will    .....                   e - +0 pair of boots
Stlth   ++........              (no amulet)
HPRegen 0.08/turn               (no ring)
MPRegen 0.10/turn               (no ring)

@: no status effects
A: claws 1, sharp scales 1
a: no special abilities


You were on level 1 of the Dungeon.
You visited 1 branch of the dungeon, and saw 2 of its levels.

You collected 60 gold pieces.

Inventory:

Hand Weapons
 f - a +0 short sword (weapon)
Armour
 a - a +0 robe (worn)
 e - a +0 pair of boots (worn)
Scrolls
 d - a scroll of torment {unknown}
 g - a scroll of vulnerability {unknown}
 h - a scroll of summoning {unknown}
 i - a scroll of teleportation {unknown}
 j - a scroll of magic mapping {unknown}
Potions
 b - a potion of magic
 c - 2 potions of degeneration {unknown}


   Skills:
 + Level 1.1 Fighting
 + Level 2.2 Dodging
 + Level 2.2 Stealth
 + Level 2.4 Spellcasting
 + Level 3.8 Ice Magic


You had 5 spell levels left.
You knew the following spells:

 Your Spells              Type           Power      Damage    Failure   Level
a - Freeze                Ice            64%        1d8       3%          1

Your spell library contained the following spells:

 Spells                   Type           Power      Damage    Failure   Level
 Frozen Ramparts          Ice            32%        1d5       11%         3
 Ozocubu's Armour         Ice            16%        N/A       11%         3
 Hailstorm                Conj/Ice       9%         3d4       61%         4


Dungeon Overview and Level Annotations

Branches:
Dungeon (2/15)

Altars:


Innate Abilities, Weirdness & Mutations

You have sharp fingernails.
You are partially covered in razor-sharp scales. (AC +1, Slay +1)


Message History

You freeze the hobgoblin.
The hobgoblin is almost dead.
The hobgoblin hits you but does no damage.
Unknown command.
Casting: Freeze (safe; 3% risk of failure)
Confirm with . or Enter, or press ? or * to list all spells.
Aiming: Freeze (safe; 3% risk of failure)
Press: ? - help, Shift-Dir - straight line, f/p - hobgoblin
Aim: a hobgoblin (almost dead, strong)
You freeze the hobgoblin.
You kill the hobgoblin!
The goblin hits you with a +0 club.
* * * LOW HITPOINT WARNING * * *
There is a stone staircase leading up here.
The goblin hits you but does no damage.
You climb upwards.
There is a stone staircase leading down here.
Casting: Freeze (safe; 3% risk of failure)
Confirm with . or Enter, or press ? or * to list all spells.
Aiming: Freeze (safe; 3% risk of failure)
Press: ? - help, Shift-Dir - straight line, f - goblin
Aim: a goblin, wielding a +0 club (strong)
You freeze the goblin.
The goblin is moderately wounded.
The goblin hits you with a +0 club.
* * * LOW HITPOINT WARNING * * *
The goblin barely misses you. The goblin attacks as you move away!
The goblin hits you with a +0 club.
* * * LOW HITPOINT WARNING * * *
The goblin no longer looks unusually strong.
The goblin hits you but does no damage.
Casting: Freeze (safe; 3% risk of failure)
Confirm with . or Enter, or press ? or * to list all spells.
Aiming: Freeze (safe; 3% risk of failure)
Press: ? - help, Shift-Dir - straight line, f/p - goblin
Aim: a goblin, wielding a +0 club You freeze the goblin.
The goblin is severely wounded.
The goblin hits you with a +0 club.
You die...

#.)# #....## #...#
#..# #.....# #.#.#
#..# ####..# #.#)#
#.># #..###.#.#
#..# ##..##....#
#..### #.....###.#
#....####(###.###.#
### ##.......##
##.##.###..
###.g@..#
#........# #####.##
##.######..
##.###.## ##.
#....####### #.
#..........# #.
##########.# #. #.#
#. #.# #. #.# #.


You could see a goblin.

Vanquished Creatures
  Robin (D:2)
  3 ball pythons
  2 endoplasms (D:1)
  9 goblins
  5 hobgoblins
  3 jackals (D:1)
  A bat (D:1)
  A kobold (D:1)
  2 rats
27 creatures vanquished.

Notes
Turn   | Place    | Note
-------+----------+-------------------------------------------
     0 | D:1      | Ashen the Demonspawn Ice Elementalist began the quest for
                  | the Orb.
     0 | D:1      | Reached XP level 1. HP: 13/13 MP: 3/3
   563 | D:1      | Gained mutation: You are partially covered in razor-sharp
                  | scales. (AC +1, Slay +1) [demonic ancestry]
   563 | D:1      | Reached XP level 2. HP: 19/20 MP: 3/5
   641 | D:1      | Found a faded altar of an unknown god.
  1091 | D:2      | Noticed Robin
  1119 | D:2      | Gained mutation: You have sharp fingernails. [demonic
                  | ancestry]
  1119 | D:2      | Reached XP level 3. HP: 25/25 MP: 1/6
  1121 | D:2      | Reached skill level 1 in Fighting
  1184 | D:2      | Killed Robin
  1194 | D:1      | HP: 1/26 [goblin/+0 club[Robin] (6)]
  1200 | D:1      | Slain by a goblin

Illustrated notes

Levels and vault maps discovered:
D:1:      dpeg_arrival_arbitrary_b, layout_loops_ring,
          hellmonk_ecumenical_altar_dog_temple
D:2:      layout_loops_corners, uniq_sigmund, uniq_robin

Skill      XL: |  1  2  3 |
---------------+----------+-----
Stealth        | 2 |  2.2
Dodging        | 2 |  2.2
Fighting       | 1 |  1.1
Spellcasting   | |  2.4
Ice Magic      | |  3.8

Action                   || total
-------------------------++-------
Melee: Unarmed           ||    13
       Short sword       ||    14
 Cast: Freeze            ||    32
 Stab: Sleeping          ||     5
Armor: Robe              ||    14
Dodge: Dodged            ||    18
